 Dungeon Crawl Stone Soup version 0.30.1-4-g462c640d31 (webtiles) character file.

Game seed: 4062050676306431504

11021 croobank the Sneak (level 11, 0/193 HPs)
             Began as an Armataur Earth Elementalist on Aug 25, 2023.
             Was a Priest of Hepliaklqana.
             Succumbed to a cane toad's poison
             ... on level 1 of the Lair of Beasts.
             The game lasted 01:31:58 (14477 turns).

croobank the Sneak (Armataur Earth Elementalist)   Turns: 14477, Time: 01:31:58

Health: 0/193      AC: 25    Str: 13    XL:     11   Next: 43%
Magic:  0/19       EV:  1    Int: 29    God:    Hepliaklqana [***...]
Gold:   9          SH:  0    Dex: 18    Spells: 13/21 levels left

rFire   + . .        z - +2 mace "Soxtemink" {pain, *Rage rCorr Int+7}
rCold   + . .        (no shield)
rNeg    . . .        D - melded +0 steam dragon scales
rPois   +            S - melded +0 mask of the Dragon {Will+ Slay+3 SInv}
rElec   .            y - melded scarf {harm}
rCorr   +            c - melded +0 pair of gloves
SInv    .            (no barding)
Will    .....        i - amulet "Sexibrouso" {Spirit rF+ rC+ Int+3} Stlth
                     s - +6 ring of dexterity
HPRegen 0.52/turn    A - ring of poison resistance
MPRegen 0.16/turn

%: random rage (20%), guardian spirit, roll
@: mighty, berserking, lethally poisoned (0 -> -5), tree-form (expiring),
studying Unarmed Combat, very quick
A: stationary, stasis, torment immunity, boosted hp, reduced essence, large,
rugged brown scales 3, (deformed body), (armoured tail), roll, long tongue,
awkward tongue
a: Renounce Religion, Recall Ancestor, Ancestor Identity, Transference


You were on level 1 of the Lair of Beasts.
You worshipped Hepliaklqana.
Hepliaklqana was most pleased with you.
You were a tree.
You visited 3 branches of the dungeon, and saw 14 of its levels.

You collected 941 gold pieces.
You spent 932 gold pieces at shops.

Inventory:

Hand Weapons
 a - a +4 heavy scimitar
 b - a +2 hand axe of electrocution
 j - a +3 dagger
 k - a +2 antimagic dagger
 o - a +2 quarterstaff of draining
 z - the +2 mace "Soxtemink" (weapon) {pain, *Rage rCorr Int+7}
   (You found it on level 5 of the Dungeon)

   Int:       It affects your intelligence (+7).
   *Rage:     It berserks you when you make melee attacks (+20% chance).
   rCorr:     It protects you from acid and corrosion.
 G - the +10 hand axe of Ravage {spect, rPois Dex+2}
   (You found it on level 7 of the Dungeon)

   Dex:       It affects your dexterity (+2).
   rPois:     It protects you from poison.
 K - a +0 hand crossbow
 P - a +2 war axe of flaming
Missiles
 g - 26 poisoned darts (quivered)
 n - 6 boomerangs
Armour
 c - a +0 pair of gloves (melded)
 u - +0 acid dragon scales
 y - a scarf of harm (melded)
 D - +0 steam dragon scales (melded)
 J - an orb of wrath
 S - the +0 mask of the Dragon (melded) {Will+ Slay+3 SInv}
   (You bought it in a shop on level 10 of the Dungeon)

   Slay:      It affects your accuracy & damage with ranged weapons and melee
   (+3).
   SInv:      It lets you see invisible.
   Will:      It increases your willpower.
Magical Staves
 t - a staff of conjuration
Jewellery
 f - a +4 ring of protection
 i - the amulet "Sexibrouso" (around neck) {Spirit rF+ rC+ Int+3}
   (You acquired it on level 8 of the Dungeon)

   [amulet of guardian spirit]

   It causes incoming damage to be divided between your reserves of health and
   magic.
   Int:       It affects your intelligence (+3).
   rF:        It protects you from fire.
   rC:        It protects you from cold.
 s - a +6 ring of dexterity (left branch)
 v - an amulet of magic regeneration
 A - a ring of poison resistance (right branch)
Wands
 m - a wand of flame (25)
 p - a wand of iceblast (1)
 I - a wand of paralysis (5)
 O - a wand of mindburst (10)
Scrolls
 r - 3 scrolls of poison
 x - a scroll of fog
 B - 2 scrolls of amnesia
 C - 5 scrolls of teleportation
 F - a scroll of identify
 Q - a scroll of blinking
 R - 2 scrolls of summoning
Potions
 d - 2 potions of cancellation
 e - 4 potions of mutation
 h - a potion of brilliance
 l - 2 potions of curing
 q - 2 potions of attraction
 w - 4 potions of resistance


   Skills:
 * Level 5.9 Fighting
 * Level 5.4 Dodging
 + Level 7.2 Stealth
 + Level 4.0 Unarmed Combat
 * Level 5.8 Spellcasting
 * Level 5.8 Conjurations
 * Level 6.2 Transmutations
 * Level 6.8 Earth Magic
 + Level 4.2 Invocations


You had 13 spell levels left.
You knew the following spells:

 Your Spells              Type           Power      Damage    Failure   Level
a - Sandblast             Erth           96%        2d20      1%          1
b - Stone Arrow           Conj/Erth      90%        3d12      1%          3
c - Petrify               Tmut/Erth      46%        N/A       3%          4

Your spell library contained the following spells:

 Spells                   Type           Power      Damage    Failure   Level
 Passwall                 Tmut/Erth      38%        N/A       1%          2
 Summon Small Mammal      Summ           32%        N/A       6%          1
 Mephitic Cloud           Conj/Pois/Air  19%        N/A       8%          3
 Poisonous Vapours        Pois/Air       16%        N/A       9%          2
 Animate Armour           Summ/Erth      56%        N/A       14%         4
 Leda's Liquefaction      Hex/Erth       14%        N/A       14%         4
 Ice Form                 Ice/Tmut       26%        N/A       16%         4
 Call Canine Familiar     Summ           8%         N/A       17%         3
 Frozen Ramparts          Ice            16%        1d3       17%         3
 Gell's Gravitas          Tloc           8%         N/A       17%         3
 Ozocubu's Armour         Ice            8%         N/A       17%         3
 Portal Projectile        Hex/Tloc       16%        N/A       17%         3
 Summon Guardian Golem    Hex/Summ       8%         N/A       17%         3
 Teleport Other           Tloc           8%         N/A       17%         3
 Vhi's Electric Charge    Tloc/Air       16%        N/A       17%         3
 Arcjolt                  Conj/Air       12%        1d22      43%         5
 Summon Ice Beast         Ice/Summ       8%         N/A       50%         4
 Freezing Cloud           Conj/Ice/Air   9%         6-21      58%         5
 Summon Forest            Summ/Tloc      4%         N/A       85%         5
 Summon Mana Viper        Hex/Summ       8%         N/A       85%         5
 Dispersal                Tloc           4%         N/A       100%        6
 Plasma Beam              Fire/Air       4%         2x1d15    100%        6
 Summon Cactus Giant      Summ           4%         N/A       100%        6
 Ozocubu's Refrigeration  Ice            4%         4d8       100%        7
 Lehudib's Crystal Spear  Conj/Erth      22%        10d6      100%        8


Dungeon Overview and Level Annotations

Branches:
Dungeon (12/15)            Temple (1/1) D:5            Lair (1/5) D:10
    Orc (0/2) D:10

Altars:
Ashenzari
Cheibriados
Dithmenos
Elyvilon
Fedhas
Gozag
Hepliaklqana
Kikubaaqudgha
Makhleb
Nemelex Xobeh
Okawaru
Qazlal
Ru
Sif Muna
Trog
Uskayaw
Vehumet
Wu Jian
Xom
Yredelemnul
Zin
The Shining One

Shops:
D:8 *:   D:9 *[[   D:10 [(

Portals:
Abyss: D:6

Annotations:
D:6 2 transporters, Jakamomo's ghost, novice TrBe
D:8 1 runed translucent door, scisormetimb3rs's ghost, novice BaFi


Innate Abilities, Weirdness & Mutations

You are a tree.
Your roots penetrate the ground, keeping you stationary.
You cannot be teleported.
You are immune to unholy pain and torment.
Your maximum health is greatly increased.
Your equipment is partially melded.
Your life essence is reduced to manifest your ancestor. (-10% HP)
(You are completely covered in rugged brown scales. (AC +3, +7% HP))
((Armour fits poorly on your strangely shaped body.))
((You have a long armoured tail.))
You roll when moving toward enemies. (Rampage)
Your long tongue fully drains potion bottles. (2x potion effects)
Your tongue gives you trouble enunciating. (1.5x scroll delay)


Message History

The wolf bites you.
* * * LOW HITPOINT WARNING * * *
The wolf bites you but does no damage.
You hit the wolf.
The wolf is almost dead.
The wolf bites you but does no damage. x2
You sock the wolf!
You kill the wolf!
The cane toad stings you but does no damage.
You barely miss the cane toad.
The cane toad stings you but does no damage.
You hit the cane toad.
The cane toad is lightly wounded.
The cane toad stings you!
* * * LOW HITPOINT WARNING * * *
You are lethally poisoned!
The cane toad poisons you!
You are too berserk!
You hit the cane toad.
The cane toad is moderately wounded.
* * * LOW HITPOINT WARNING * * *
You feel very sick.
The cane toad stings you but does no damage.
You are too berserk!
You sock the cane toad!
The cane toad is heavily wounded.
Your transformation is almost over.
* * * LOW HITPOINT WARNING * * *
You feel very sick.
You thump the cane toad!
The cane toad is severely wounded.
* * * LOW HITPOINT WARNING * * *
You feel very sick. The cane toad stings you.
* * * LOW HITPOINT WARNING * * *
The cane toad stings you but does no damage.
Okay, then.
You hit the cane toad but do no damage.
The cane toad is severely wounded.
You die...

**** ***** **,,****.#P***
############
,,,,,,,,.....#####..........#
,,,,,,,,.....hFF♣)..........#####
,,,,,,,,......##F#...........#.#P
,,,,,,,,.....*#P.#..........'....
,,,,,,,,.)..,*##.+....[.....###..
,,,,,,,,...,,* ##.......†...# ###
,,,,,,,,..,,,* ##..........#
,,,,,,,,#*,,** ###.########
***,**,,***** #.P* ,,,,,*,,***
#.##*


You could see 2 cane toads, a wolf and a bullfrog.

Vanquished Creatures
  A boulder beetle (D:11)
  A two-headed ogre (D:11)
  2 manticores (D:11)
  3 trolls
  Grinder (D:3)
  2 slime creatures (D:12)
  A wraith (D:12)
  2 yaks (D:10)
  A vampire (D:10)
  Menkaure (D:5)
  A steam dragon (D:6)
  An acid dragon (D:11)
  A water moccasin (D:7)
  6 orc warriors
  An ice beast (D:8)
  2 black bears
  3 centaurs
  4 ogres
  4 wolves (Lair:1)
  3 phantoms
  A kobold brigand (D:9)
  A bullfrog (D:6)
  6 scorpions
  9 wights
  6 killer bees (D:7)
  2 howler monkeys (D:9)
  A quasit (D:6)
  6 orc priests
  4 jellies
  2 hounds (D:4)
  3 iguanas
  2 sleepcaps
  Jessica (D:3)
  8 orc wizards
  Robin (D:4)
  9 adders
  9 gnolls
  4 shadow imps
  2 ufetubi
  3 dart slugs
  45 orcs
  11 endoplasms
  7 giant cockroaches
  20 goblins
  6 hobgoblins
  A jackal (D:5)
  5 quokkas
  2 ball pythons
  6 bats
  2 frilled lizards (D:1)
  9 kobolds
  2 rats
237 creatures vanquished.

Vanquished Creatures (collateral kills)
  Joseph (Lair:1)
  A hornet (D:10)
  3 yaks
  3 water moccasins
  A sky beast (D:7)
  4 orc warriors (D:10)
  4 bullfrogs
  A gnoll sergeant (D:9)
  3 wights
  A quasit (D:6)
  2 jellies (D:6)
  An orc priest (D:8)
  8 orc wizards
  A gnoll (D:9)
  A white imp (D:7)
  2 ufetubi (D:6)
  18 orcs
  2 kobolds (D:9)
57 creatures vanquished.

Vanquished Creatures (others)
  4 battlemagi
  3 ancestors
  2 jackals (D:4)
9 creatures vanquished.

Grand Total: 303 creatures vanquished

Notes
Turn   | Place    | Note
-------+----------+-------------------------------------------
     0 | D:1      | croobank the Armataur Earth Elementalist began the quest
                  | for the Orb.
     0 | D:1      | Reached XP level 1. HP: 14/14 MP: 3/3
   105 | D:1      | Reached skill level 1 in Transmutations
   204 | D:1      | Reached XP level 2. HP: 21/21 MP: 0/4
   479 | D:1      | Reached XP level 3. HP: 27/27 MP: 3/6
   826 | D:1      | Found a faded altar of an unknown god.
  1276 | D:2      | Learned a level 3 spell: Stone Arrow
  1341 | D:2      | Found a white marble altar of Elyvilon.
  1539 | D:2      | Reached XP level 4. HP: 35/35 MP: 4/7
  3077 | D:3      | Reached skill level 3 in Stealth
  3119 | D:3      | Noticed Jessica
  3120 | D:3      | Noticed Grinder
  3147 | D:4      | Noticed an ogre
  3154 | D:4      | Killed an ogre
  3155 | D:4      | Reached skill level 1 in Fighting
  3155 | D:4      | Reached XP level 5. HP: 11/42 MP: 5/8
  3314 | D:4      | Reached skill level 1 in Conjurations
  3330 | D:4      | Noticed a phantom
  3338 | D:4      | Killed a phantom
  3339 | D:4      | Reached XP level 6. HP: 50/50 MP: 8/10
  3864 | D:4      | Reached skill level 4 in Stealth
  3961 | D:4      | Found a white marble altar of Elyvilon.
  4015 | D:4      | Noticed Robin
  4097 | D:3      | Killed Jessica
  4226 | D:3      | Killed Grinder
  4227 | D:3      | Reached XP level 7. HP: 20/58 MP: 7/11
  4714 | D:3      | Found an iron altar of Okawaru.
  4948 | D:4      | Killed Robin
  5131 | D:4      | Found a shimmering blue altar of Sif Muna.
  5156 | D:5      | Entered Level 5 of the Dungeon
  5478 | D:5      | Identified the +2 mace "Soxtemink" {pain, *Rage rCorr
                  | Int+7}
  5519 | D:5      | Reached XP level 8. HP: 65/66 MP: 13/13
  5585 | D:5      | Learned a level 4 spell: Petrify
  5601 | D:5      | Found a staircase to the Ecumenical Temple.
  5602 | D:5      | Noticed Menkaure
  5613 | D:5      | Killed Menkaure
  5882 | D:5      | Reached skill level 5 in Stealth
  5885 | Temple   | Entered the Ecumenical Temple
  6103 | Temple   | Became a worshipper of Hepliaklqana the Forgotten
  6318 | D:5      | Reached skill level 1 in Invocations
  7126 | D:6      | Noticed an ancient zyme
  7130 | D:6      | Found a one-way gate to the infinite horrors of the Abyss.
  7130 | D:6      | Noticed Jakamomo's ghost (novice TrBe)
  7135 | D:6      | Found a transporter.
  7760 | D:6      | Found a transporter.
  7801 | D:6      | Reached * piety under Hepliaklqana
  8010 | D:6      | Reached XP level 9. HP: 55/67 MP: 15/15
  8040 | D:6      | Reached skill level 5 in Earth Magic
  8516 | D:6      | Reached skill level 6 in Stealth
  9004 | D:7      | Found a glowing golden altar of the Shining One.
  9098 | D:7      | Identified the +10 hand axe of Ravage {spect, rPois Dex+2}
  9134 | D:7      | Found a snail-covered altar of Cheibriados.
  9135 | D:7      | Found a basalt altar of Yredelemnul.
  9371 | D:7      | Reached skill level 1 in Unarmed Combat
  9750 | D:8      | Identified the +11 flail of Mourning {drain, rPois}
  9845 | D:8      | Identified a scroll of acquirement
  9848 | D:8      | Acquired the amulet "Sexibrouso" {Spirit rF+ rC+ Int+3}
  9967 | D:8      | Reached XP level 10. HP: 26/77 MP: 10/17
 10208 | D:8      | Found Qevie's Book Shop.
 10213 | D:8      | Reached ** piety under Hepliaklqana
 10214 | D:8      | Remembered your ancestor Arif as a battlemage
 10265 | D:8      | Bought a book of the Wilderness for 532 gold pieces
 10267 | D:8      | Found a runed translucent door.
 10267 | D:8      | Noticed scisormetimb3rs's ghost (novice BaFi)
 10524 | D:9      | Found Diobuxt's Assorted Antiques.
 10524 | D:9      | Found Gaynte's Antique Armour Emporium.
 10524 | D:9      | Found Fyv Wote's Armour Emporium.
 10529 | D:9      | Reached skill level 5 in Transmutations
 10833 | D:9      | Found an opulent altar of Gozag.
 10833 | D:9      | Found a bloodstained altar of Trog.
 11190 | D:9      | Reached skill level 5 in Fighting
 11190 | D:9      | Reached skill level 5 in Spellcasting
 11527 | D:10     | Entered Level 10 of the Dungeon
 11549 | D:10     | Paralysed by a hornet for 2 turns
 11551 | D:10     | Reached skill level 5 in Conjurations
 11744 | D:10     | Reached *** piety under Hepliaklqana
 12077 | D:10     | Acquired a book of Armaments
 12307 | D:10     | Found a staircase to the Orcish Mines.
 12308 | D:10     | Found Cuicwus's Armour Shop.
 12310 | D:10     | Found Kiegh's Weapon Shop.
 12317 | D:10     | Reached skill level 5 in Dodging
 12353 | D:10     | Found a staircase to the Lair.
 12734 | D:11     | Noticed a manticore
 12745 | D:11     | Killed a manticore
 12914 | D:11     | Noticed a manticore
 12920 | D:11     | Killed a manticore
 12921 | D:11     | Reached skill level 7 in Stealth
 12921 | D:11     | Reached XP level 11. HP: 85/85 MP: 17/19
 13097 | D:11     | Noticed a two-headed ogre
 13117 | D:11     | Killed a two-headed ogre
 13381 | D:11     | Noticed a boulder beetle
 13412 | D:11     | Killed a boulder beetle
 14384 | D:10     | Bought the +0 mask of the Dragon {Will+ Slay+3 SInv} for
                  | 400 gold pieces
 14384 | D:10     | Found the +0 mask of the Dragon {Will+ Slay+3 SInv}
 14404 | Lair:1   | Entered Level 1 of the Lair of Beasts
 14432 | Lair:1   | Noticed Joseph
 14440 | Lair:1   | Killed Joseph
 14474 | Lair:1   | HP: 7/193 [poisoned by a cane toad]
 14476 | Lair:1   | HP: 2/193 [poisoned by a cane toad]
 14477 | Lair:1   | Succumbed to a cane toad's poison

Illustrated notes

Levels and vault maps discovered:
D:1:      scummos_arrival_hexagon, layout_basic, ebering_ecumenical_altar_hall
D:2:      layout_loops_ring, basic_altar
D:3:      layout_loops_ring, okawaru_altar_gauntlet_db, uniq_grinder,
          uniq_jessica
D:4:      layout_cave_pools, elyvilon_altar_4, led_sif_pool,
          kennysheep_decorative_pillar, dk_rats_in_the_wall, uniq_robin
D:5:      layout_loops_ring, minmay_temple_entry_junction,
          minmay_fractal_squares_gapless_5, uniq_menkaure
D:6:      layout_basic, gammafunk_ghost_abyssal_escape, serial_demonic,
          serial_demonic_b, serial_demonic_f, serial_demonic_d, serial_demonic_e
D:7:      layout_loops_ring, lemuel_crystal_altar,
          mainiacjoe_overflow_catwalk_spiral, minmay_manual_moon
D:8:      layout_basic, serial_shops, shop_fountains, gammafunk_ghost_grave
D:9:      layout_roguey [special_room_orc], gammafunk_temple_overflow_statue,
          nicolae_shop_distant_corner_stores
D:10:     layout_cross, lair_entry_dummy, orc_david_3
D:11:     layout_loops_ring, lemuel_old_faithful
D:12:     layout_gridville, minmay_diced_spiral, uniq_fannar
Temple:   nicolae_temple_bog_church
Lair:1:   layout_roguey, lightli_volcano_entry_magma_tube,
          gauntlet_entry_generic, beast_lair_carwin_5, uniq_joseph

Skill      XL: |  1  2  3  4  5  6  7  8  9 10 11 |
---------------+----------------------------------+-----
Transmutations | 1 2 3 4 5 6 |  6.2
Spellcasting   | 2 3 4 5 |  5.8
Earth Magic    | 3 4 5 6 |  6.8
Dodging        | 2 3 4 5 |  5.4
Stealth        | 3 4 5 6 7 |  7.2
Fighting       | 1 2 3 4 5 |  5.9
Conjurations   | 1 2 3 4 5 |  5.8
Invocations    | 1 3 4 |  4.2
Unarmed Combat | 1 3 4 |  4.0

Action                     |  1- 3 |  4- 6 |  7- 9 | 10-12 || total
---------------------------+-------+-------+-------+-------++-------
  Melee: Unarmed           |     8 |       |       |       ||     8
         Spear             |    63 |     3 |       |       ||    66
         Tailslap          |     5 |     8 |    49 |    31 ||    93
         Punch             |     2 |       |     3 |     6 ||    11
         Quarterstaff      |       |    94 |    71 |       ||   165
         Mace              |       |       |   223 |   204 ||   427
         Hand axe          |       |       |       |    15 ||    15
   Fire: Sling             |       |       |    24 |       ||    24
  Throw: Dart              |       |     7 |       |       ||     7
         Throwing net      |       |       |     1 |     2 ||     3
   Cast: Sandblast         |    27 |    29 |     5 |       ||    61
         Stone Arrow       |       |     4 |    23 |       ||    27
         Petrify           |       |       |       |     1 ||     1
 Invoke: Ancestor Life: Ba |       |       |       |     1 ||     1
    Use: Scroll            |     3 |     5 |     8 |    10 ||    26
         Potion            |       |     2 |     5 |     5 ||    12
   Stab: Sleeping          |     7 |     5 |     9 |     9 ||    30
         Held in net/web   |       |       |     1 |       ||     1
         Distracted        |       |       |       |     2 ||     2
         Petrified         |       |       |       |     1 ||     1
 Armour: Robe              |    30 |    63 |   153 |       ||   246
         Steam dragon scal |       |       |    95 |    61 ||   156
         Skin              |       |       |       |    46 ||    46
  Dodge: Dodged            |    28 |    77 |   240 |   134 ||   479
